 Dungeon Crawl Stone Soup version 0.31-a0-640-g39d97e502b (webtiles) character file.

Game seed: 12558310291346780904

286 qw the Shooter (level 6, 0/37 HPs)
             Began as a Gargoyle Hunter on Aug 27, 2023.
             Slain by an iguana (3 damage)
             ... on level 4 of the Dungeon.
             The game lasted 00:00:58 (2640 turns).

qw the Shooter (Gargoyle Hunter)                    Turns: 2640, Time: 00:00:59

Health: 0/37       AC: 13    Str: 12    XL:     6   Next: 30%
Magic:  6/6        EV: 11    Int: 13    God:
Gold:   130        SH:  0    Dex: 14    Spells: 5/5 levels left

rFire   . . .        Y - +0 shortbow
rCold   + . .        (shield currently unavailable)
rNeg    + . .        c - +0 leather armour
rPois   inf          (no helmet)
rElec   +            (no cloak)
rCorr   .            b - +1 Delatra's gloves {ID++}
SInv    .            e - +2 pair of boots
Will    .....        (no amulet)
Stlth   +            f - ring of protection from cold
HPRegen 0.26/turn    (no ring)
MPRegen 0.10/turn

%: no passive effects
@: no status effects
A: sickness immunity, AC +4, negative energy resistance 1, electricity
resistance, torment resistance 1, petrification resistance, clever 1, weak 1
a: no special abilities


You were on level 4 of the Dungeon.
You visited 1 branch of the dungeon, and saw 4 of its levels.

You collected 130 gold pieces.


Innate Abilities, Weirdness & Mutations

You are immune to sickness and miasma.
Your stone body is resilient. (AC +4)
You are immune to poison.
You resist negative energy. (rN+)
You are resistant to electric shocks. (rElec)
You are resistant to unholy torment.
You are immune to petrification.
Your mind is acute. (Int +4, Str/Dex -1)
You are weak. (Str -2)


   Skills:
 + Level 3.6 Fighting
 - Level 6.0 Ranged Weapons
 - Level 3.2 Armour
 - Level 1.5 Dodging
 - Level 1.1 Stealth


You had 5 spell levels left.
You didn't know any spells.
Your spell library was empty.

Inventory:

Hand Weapons
 Y - a +0 shortbow (weapon)
Armour
 b - the +1 Delatra's gloves (worn) {ID++}
   (You found it on level 2 of the Dungeon)

   ID++:      It heals its wearer when they drink unknown potions, and restores
   their MP when they read unknown scrolls.
 c - a +0 leather armour (worn)
 e - a +2 pair of boots (worn)
Jewellery
 f - a ring of protection from cold (left hand)
Scrolls
 g - a scroll of identify
Potions
 h - a potion of berserk rage {unknown}
 j - a potion of curing {unknown}
 k - a potion of might {unknown}
 l - a potion of heal wounds {unknown}

Dungeon Overview and Level Annotations

Branches:
Dungeon (4/15)
 Temple: D:4-7

Altars:


Message History

You shoot an arrow. The arrow hits the iguana.
The iguana is moderately wounded.
The jackal closely misses you. x2; The orc closely misses you.
The iguana bites you!
The jackal bites you but does no damage.
You shoot an arrow. The arrow barely misses the iguana.
The jackal bites you but does no damage.
The orc barely misses you.
The iguana bites you but does no damage.
The jackal barely misses you. The jackal misses you.
You shoot an arrow. The arrow barely misses the iguana.
The jackal barely misses you.
The jackal bites you but does no damage.
The orc hits you but does no damage. The iguana closely misses you.
The jackal bites you but does no damage.
You shoot an arrow.
The arrow hits the iguana but does no damage.
The iguana is moderately wounded.
The jackal bites you but does no damage.
The orc hits you with a +0 club. The iguana bites you!
The jackal bites you but does no damage.
The jackal closely misses you.
You shoot an arrow. The arrow hits the iguana.
The iguana is heavily wounded.
The jackal bites you but does no damage. x2
The orc hits you but does no damage. The iguana bites you.
The jackal bites you. x2
The iguana bites you but does no damage.
The orc barely misses you.
You shoot an arrow. The arrow barely misses the iguana.
The jackal closely misses you. x2; The orc closely misses you.
The iguana closely misses you.
The jackal bites you but does no damage.
You shoot an arrow. The arrow hits the iguana.
The iguana is severely wounded.
The jackal bites you but does no damage. x3
The orc barely misses you. The iguana barely misses you.
You shoot an arrow. The arrow barely misses the iguana.
The jackal bites you but does no damage.
The jackal barely misses you. The orc misses you. The iguana bites you.
You die...

..>.............
...####.....###
## ...# #.....#
.. #### #.....#
.# #####.## .#
#..# .# ##.###
.# #...##o###
###..@l..#
##.hh..# #.....#
#.....'..
#.....##..
#.....# .
#......#
#...##.# #...#
.#


You could see an iguana, an orc and 2 jackals.

Vanquished Creatures
  An ice beast (D:3)
  A howler monkey (D:4)
  A hound (D:2)
  Jessica (D:2)
  2 adders (D:3)
  3 worms
  4 dart slugs
  5 endoplasms
  3 giant cockroaches
  8 goblins
  8 hobgoblins
  4 jackals
  5 kobolds
  3 quokkas
  4 ball pythons
  2 bats (D:1)
  3 frilled lizards
  5 rats
63 creatures vanquished.

Notes
Turn   | Place    | Note
-------+----------+-------------------------------------------
     0 | D:1      | qw the Gargoyle Hunter began the quest for the Orb.
     0 | D:1      | Reached XP level 1. HP: 12/12 MP: 1/1
     0 | D:1      | 0 ||| qw: Version: 0.3-a-74-g0d5e918
     0 | D:1      | 0 ||| qw: Game counter: 7
     0 | D:1      | 0 ||| qw: Melee chars always use a shield: true
     0 | D:1      | 0 ||| qw: God list: Okawaru
     0 | D:1      | 0 ||| qw: Allow faded altars: false
     0 | D:1      | 0 ||| qw: Do Orc after clearing Dungeon:15 true
     0 | D:1      | 0 ||| qw: Do second Lair branch before Depths: true
     0 | D:1      | 0 ||| qw: Lair rune preference: random
     0 | D:1      | 0 ||| qw: Goals: Normal
     0 | D:1      | 0 ||| PLANNING D:1-11
   110 | D:1      | Reached XP level 2. HP: 15/17 MP: 2/2
   332 | D:1      | Reached XP level 3. HP: 16/21 MP: 3/3
   424 | D:1      | Reached skill level 5 in Ranged Weapons
  1106 | D:1      | 1106 ||| UPGRADING to +0 pair of boots.
  1111 | D:1      | 1111 ||| UPGRADING to ring of protection from cold.
  1112 | D:1      | 1112 ||| READING scroll labelled RUAWNE HAMASARO.
  1113 | D:1      | 1113 ||| READING scroll labelled YNOKEP WELONI.
  1114 | D:1      | 1114 ||| READING 2 scrolls labelled DUTZIO HERA.
  1115 | D:1      | 1115 ||| DRINKING 2 glowing amethyst potions.
  1116 | D:1      | 1116 ||| DROPPING scroll of butterflies.
  1117 | D:1      | 1117 ||| DROPPING potion of attraction.
  1426 | D:2      | Found the +1 Delatra's gloves {ID++}
  1440 | D:2      | Reached skill level 3 in Fighting
  1598 | D:2      | Reached XP level 4. HP: 25/28 MP: 4/4
  1611 | D:2      | Noticed Jessica
  1617 | D:2      | Killed Jessica
  1888 | D:2      | 1888 ||| UPGRADING to +1 Delatra's gloves {ID++}.
  1893 | D:2      | 1893 ||| READING scroll labelled NIRCHE HEKKENU.
  1913 | D:2      | 1913 ||| READING scroll labelled NETIUTE UGAOTWU.
  1992 | D:3      | Reached XP level 5. HP: 28/32 MP: 5/5
  2011 | D:3      | Noticed an ice beast
  2021 | D:3      | Killed an ice beast
  2022 | D:3      | Reached skill level 3 in Armour
  2156 | D:3      | Reached XP level 6. HP: 37/37 MP: 6/6
  2188 | D:3      | Reached skill level 6 in Ranged Weapons
  2406 | D:3      | 2406 ||| UPGRADING to +2 pair of boots.
  2416 | D:3      | 2416 ||| DROPPING +0 pair of boots.
  2417 | D:3      | 2417 ||| DROPPING ring of wizardry.
  2418 | D:3      | 2418 ||| DRINKING 2 gluggy blue potions.
  2418 | D:3      | Gained mutation: You occasionally lose the ability to read
                  | scrolls when taking damage. [potion of mutation]
  2419 | D:3      | 2419 ||| DRINKING potion of mutation.
  2419 | D:3      | Lost mutation: You occasionally lose the ability to read
                  | scrolls when taking damage. [potion of mutation]
  2419 | D:3      | Gained mutation: You are weak. (Str -2) [potion of
                  | mutation]
  2419 | D:3      | Gained mutation: Your mind is acute. (Int +4, Str/Dex -1)
                  | [potion of mutation]
  2637 | D:4      | HP: 7/37 [iguana (5)]
  2637 | D:4      | HP: 2/37 [jackal (2)]
  2640 | D:4      | Slain by an iguana

Levels and vault maps discovered:
D:1:      shiori_arrival_oz, layout_loops_corners, minmay_pentomino_r4
D:2:      layout_basic, uniq_jessica
D:3:      layout_rooms
D:4:      layout_basic, nicolae_ru_path_of_blood, uniq_edmund

Skill      XL: |  1  2  3  4  5  6 |
---------------+-------------------+-----
Ranged Weapons | 5 6 |  6.0
Fighting       | 3 |  3.6
Armour         | 3 |  3.2
Dodging        | |  1.5
Stealth        | |  1.1

Action                     |  1- 3 |  4- 6 || total
---------------------------+-------+-------++-------
   Fire: Shortbow          |   134 |   116 ||   250
    Use: Scroll            |     3 |     2 ||     5
         Potion            |     1 |     2 ||     3
 Armour: Leather armour    |    31 |    68 ||    99
  Dodge: Dodged            |    29 |    57 ||    86

Table legend:
 A = Non-vault XP
 B = Vault XP
 C = Vault XP percentage of total XP
 D = Non-vault monster count
 E = Vault monster count
 F = Vault count percentage of total count
                 A         B        C        D         E       F
            +---------+---------+-------+---------+---------+-------
      Total |     367 |      42 |  10.3 |      58 |       5 |   7.9
            +---------+---------+-------+---------+---------+-------
        D:1 |      58 |       5 |   7.9 |      29 |       4 |  12.1
        D:2 |      60 |      37 |  38.1 |      10 |       1 |   9.1
        D:3 |     185 |       0 |   0.0 |      14 |       0 |   0.0
        D:4 |      64 |       0 |   0.0 |       5 |       0 |   0.0
            +---------+---------+-------+---------+---------+-------
